 Dungeon Crawl Stone Soup version 0.21.1-1-g345015fe64 (webtiles) character file.

78 HessuHobo the Chopper (level 4, 0/35 HPs)
             Began as a Demonspawn Berserker on May 23, 2018.
             Was a Believer of Trog.
             Slain by an adder (5 damage)
             ... on level 2 of the Dungeon.
             The game lasted 00:02:35 (1214 turns).

HessuHobo the Chopper (Demonspawn Berserker)        Turns: 1214, Time: 00:02:36

Health: 0/35       AC:  2    Str: 19    XL:     4   Next: 15%
Magic:  4/4        EV: 12    Int:  8    God:    Trog [**....]
Gold:   31         SH:  0    Dex: 12    Spells: 3/3 levels left

rFire    . . .     SeeInvis .   a - +0 hand axe
rCold    . . .     Gourm    .   (no shield)
rNeg     . . .     Faith    .   b - +0 animal skin
rPois    .         Spirit   .   (helmet restricted)
rElec    .         Reflect  .   (no cloak)
rCorr    .         Harm     .   (no gloves)
MR       .....                  (no boots)
Stlth    +.........             (no amulet)
HPRegen  0.11/turn              (no ring)
MPRegen  0.09/turn              (no ring)

@: lethally poisoned (0 -> -7), berserk cooldown, slowed, very slow
A: horns 2, powered by death 1
a: Berserk, Trog's Hand, Burn Spellbooks, Renounce Religion


You were on level 2 of the Dungeon.
You worshipped Trog.
Trog was pleased with you.
You were not hungry.

You visited 1 branch of the dungeon, and saw 2 of its levels.

You collected 31 gold pieces.

Inventory:

Hand Weapons
 a - a +0 hand axe (weapon)
Armour
 b - a +0 animal skin (worn)
Jewellery
 g - an uncursed ring of wizardry {unknown}
 j - an uncursed amulet of the gourmand {unknown}
Scrolls
 e - 2 scrolls of fog {unknown}
 f - 5 scrolls of identify {unknown}
Potions
 h - a potion of heal wounds
 i - a potion of invisibility {unknown}


   Skills:
 + Level 3.5 Fighting
 * Level 4.0 Axes
 * Level 2.1 Armour
 - Level 1.7 Dodging


You had 3 spell levels left.
You didn't know any spells.

Dungeon Overview and Level Annotations

Branches:
Dungeon (2/15)

Altars:


Innate Abilities, Weirdness & Mutations

You have a pair of horns on your head.
You regenerate a little health from kills.


Message History

You are more poisoned.
The adder poisons you! The gnoll closely misses you.
The gnoll barely misses you.
You slash the adder!
You kill the adder!
Trog accepts your kill.
Your Axes skill increases to level 4!
You hit the gnoll. You hit the gnoll but do no damage.
You closely miss the adder. You hit the gnoll but do no damage.
You feel sick. The adder bites you.
* * * LOW HITPOINT WARNING * * *
The gnoll barely misses you. The gnoll closely misses you.
The gnoll barely misses you. The adder barely misses you.
The gnoll hits you with a spear.
* * * LOW HITPOINT WARNING * * *
You barely miss the adder. You closely miss the gnoll.
You barely miss the gnoll. You hit the gnoll but do no damage.
* * * LOW HITPOINT WARNING * * *
You feel sick. The adder bites you.
You die...

.. #.. ..' #.#
#.## #..## #.gg##
#.#####.S@†##
........g†..##
#.######......##
#>l...............
.#.#..##.#########
#. #.# # #.# #.#
#.#


You could see 3 gnolls and an adder.

Vanquished Creatures
  3 adders (D:2)
  A gnoll (D:2)
  2 dart slugs (D:1)
  A leopard gecko (D:1)
  A ball python (D:1)
  2 bats (D:1)
  7 goblins (D:1)
  2 hobgoblins (D:1)
  4 jackals (D:1)
  6 kobolds
  2 frilled lizards
  4 rats (D:1)
35 creatures vanquished.

Notes
Turn   | Place    | Note
-------+----------+-------------------------------------------
     0 | D:1      | HessuHobo the Demonspawn Berserker began the quest for the Orb.
     0 | D:1      | Reached XP level 1. HP: 18/18 MP: 1/1
    63 | D:1      | Reached skill level 3 in Axes
   106 | D:1      | Gained mutation: You have a pair of small horns on your head. [demonic ancestry]
   106 | D:1      | Reached XP level 2. HP: 24/24 MP: 2/2
   517 | D:1      | Gained mutation: You have a pair of horns on your head. [demonic ancestry]
   517 | D:1      | Reached XP level 3. HP: 24/29 MP: 3/3
   947 | D:1      | Reached ** piety under Trog
  1202 | D:2      | Gained mutation: You regenerate a little health from kills. [demonic ancestry]
  1202 | D:2      | Reached XP level 4. HP: 23/35 MP: 4/4
  1213 | D:2      | Reached skill level 4 in Axes
  1214 | D:2      | Slain by an adder

Skill      XL: |  1  2  3  4 |
---------------+-------------+-----
Axes           | 3 4 |  4.0
Armour         | 2 |  2.1
Fighting       | |  3.5
Dodging        | |  1.7

Action                   |  1- 3 |  4- 6 || total
-------------------------+-------+-------++-------
Melee: Hand axe          |    85 |     7 ||    92
       Headbutt          |    10 |       ||    10
Invok: Berserk           |     1 |       ||     1
       Trog's Hand       |     1 |       ||     1
  Use: Scroll            |       |     2 ||     2
       Potion            |       |     2 ||     2
  Eat: Ration            |     1 |       ||     1
Armor: Animal skin       |    16 |     4 ||    20
Dodge: Dodged            |    67 |    39 ||   106
